 Dungeon Crawl Stone Soup version 0.16-a0-3159-ge6ac362 (webtiles) character file.

256 UristMcKoga the Firebug (level 5, -4/41 HPs)
             Began as a Salamander Fire Elementalist on July 21, 2015.
             Slain by Duvessa
             ... wielding a +0 rapier
              (6 damage)
             ... on level 4 of the Dungeon.
             The game lasted 00:10:46 (3215 turns).

UristMcKoga the Firebug (SaFE)                      Turns: 3215, Time: 00:10:46

Health: -4/41      AC:  4    Str:  8    XL:     5   Next: 92%
Magic:  10/14      EV: 13    Int: 16    God:
Gold:   201        SH:  0    Dex: 14    Spells: 3 memorised, 3 levels left

rFire  . . .     SeeInvis .     u - +1 trident (venom)
rCold  x . .     Clarity  .     a - +0 robe
rNeg   + . .     SustAb   .     (no shield)
rPois  .         Gourm    .     (no helmet)
rElec  .         Spirit   .     (no cloak)
rCorr  .         Warding  .     (no gloves)
rMut   .         Stasis   .     (no barding)
MR     .....                    (no amulet)
Stlth  ++........               (no ring)
                                o - ring of positive energy

@: very slightly contaminated, very slow, not resistant to hostile enchantments,
unstealthy
A: fiery attack, slowness 2, tough skin 2, cold vulnerability 1
a: no special abilities


You were on level 4 of the Dungeon.
You were not hungry.

You visited 1 branch of the dungeon, and saw 4 of its levels.

You collected 201 gold pieces.

Inventory:

Hand weapons
 u - a +1 trident of venom (weapon)
Missiles
 j - 8 javelins (quivered)
 m - 2 throwing nets
 p - 13 arrows of dispersal
Armour
 a - a +0 robe (worn)
Jewellery
 o - a ring of positive energy (left hand)
Magical devices
 t - a wand of fireball (2)
Scrolls
 d - 7 scrolls of identify
 f - 4 scrolls of remove curse
 g - a scroll of magic mapping
 k - a scroll of noise
 q - a scroll of amnesia {unknown}
 s - a scroll of teleportation {unknown}
 w - a scroll of fear {unknown}
Potions
 e - a potion of lignification {unknown}
 i - a potion of curing
 l - a potion of cure mutation {unknown}
 n - a potion of ambrosia {unknown}
 r - a potion of degeneration {unknown}
Books
 b - a book of Flames

   Spells                             Type                      Level
   a - Flame Tongue                   Conjuration/Fire             1
   b - Throw Flame                    Conjuration/Fire             2
   c - Conjure Flame                  Conjuration/Fire             3
   d - Inner Flame                    Hexes/Fire                   3
   e - Sticky Flame                   Conjuration/Fire             4
   f - Fireball                       Conjuration/Fire             5
Comestibles
 c - 2 bread rations
 h - a meat ration
 x - a chunk of flesh


   Skills:
 * Level 1.9 Fighting
 * Level 1.4 Armour
 * Level 3.4 Dodging
 - Level 2.1 Stealth
 * Level 3.7 Spellcasting
 * Level 2.1 Conjurations
 * Level 5.0 Fire Magic


You had 3 spell levels left.
You knew the following spells:

 Your Spells              Type           Power        Failure   Level  Hunger
a - Flame Tongue          Conj/Fire      ##...        4%          1    None
b - Conjure Flame         Conj/Fire      ##......     12%         3    ###....
c - Sticky Flame          Conj/Fire      ##......     38%         4    ####...


Dungeon Overview and Level Annotations

Branches:
Dungeon (4/15)
 Temple: D:4-7

Altars:
Ashenzari
Dithmenos
Gozag
Kikubaaqudgha

Annotations:
D:4 Duvessa


Innate Abilities, Weirdness & Mutations

Your melee attacks set your foes ablaze.
You cannot wear boots.
You cover ground very slowly.
You have very tough skin (AC +2).
You are vulnerable to cold.


Message History

Press: ? - help, Shift-Dir - straight line, f - Duvessa
Aim: Duvessa, wielding a rapier (moderately wounded, berserk, fast, unusually strong)
You miscast Flame Tongue.
You are very lightly contaminated with residual magic.
Wisps of smoke drift from your hands. Duvessa hits you with a rapier.
Duvessa hits you with a rapier!
You puncture Duvessa!
Duvessa is engulfed in flames.
Duvessa is heavily wounded.
Duvessa hits you with a rapier.
* * * LOW HITPOINT WARNING * * *
Casting: Flame Tongue
Confirm with . or Enter, or press ? or * to list all spells.
Aiming: Flame Tongue
Press: ? - help, Shift-Dir - straight line, f/p - Duvessa
Aim: Duvessa, wielding a rapier (heavily wounded, berserk, fast, unusually strong)
You miscast Flame Tongue.
Nothing appears to happen.
Duvessa hits you with a rapier!
* * * LOW HITPOINT WARNING * * *
Duvessa hits you with a rapier.
You die...

... # #..........
#.# #> ###.....##
.#.# #. #.....#
.#.####.####.....#
.#
.#.##............#
#.#
.#.##........#####
#.# .#.##.###.####
#.# )#.# #.....#
#.#%#@# #.#.###
#####.##e##
#.._..#
#.......a.#
###.#.#
#......)..#
#.....#
#...(.....#
###.###
########.## #.#.#
#.# #...# #.#
#.### #.# #.#


You could see Duvessa (berserk) and a worker ant.

Vanquished Creatures
  Dowan (D:4)
  A hound (D:4)
  2 orc priests (D:3)
  3 gnolls (D:2)
  An adder (D:2)
  2 worms
  2 giant geckos
  8 orcs (D:3)
  4 giant cockroaches
  9 goblins
  8 hobgoblins
  A quokka (D:3)
  A ball python (D:2)
  11 bats
  5 giant newts
  8 kobolds
  6 rats
73 creatures vanquished.

Notes
Turn   | Place    | Note
--------------------------------------------------------------
     0 | D:1      | UristMcKoga, the Salamander Fire Elementalist, began the quest for the Orb.
     0 | D:1      | Reached XP level 1. HP: 14/14 MP: 3/3
   361 | D:1      | Reached XP level 2. HP: 14/20 MP: 0/5
   937 | D:2      | Found a shadowy altar of Dithmenos.
   983 | D:2      | Reached XP level 3. HP: 20/27 MP: 4/7
   992 | D:2      | Reached skill level 1 in Fighting
  1207 | D:2      | Learned a level 3 spell: Conjure Flame
  1288 | D:2      | Found an ancient bone altar of Kikubaaqudgha.
  1288 | D:2      | Found a shattered altar of Ashenzari.
  1314 | D:2      | Reached XP level 4. HP: 35/35 MP: 2/9
  1857 | D:3      | Reached skill level 1 in Armour
  2084 | D:3      | Learned a level 4 spell: Sticky Flame
  2142 | D:3      | Reached XP level 5. HP: 20/41 MP: 10/13
  3138 | D:4      | Found an opulent altar of Gozag.
  3204 | D:4      | Noticed Dowan
  3206 | D:4      | Noticed Duvessa
  3211 | D:4      | Killed Dowan
  3211 | D:4      | Reached skill level 5 in Fire Magic
  3215 | D:4      | HP: 2/41 [Duvessa/rapier (9)]
  3215 | D:4      | Slain by Duvessa

Action                   |  1- 3 |  4- 6 || total
-------------------------+-------+-------++-------
Melee: Unarmed           |    30 |       ||    30
       Spear             |     3 |    30 ||    33
       Trident           |       |    46 ||    46
Throw: Javelin           |     5 |       ||     5
 Cast: Flame Tongue      |    49 |    50 ||    99
       Conjure Flame     |       |     2 ||     2
  Use: Scroll            |     3 |       ||     3
       Potion            |     2 |     2 ||     4
  Eat: Chunk             |     2 |     6 ||     8
